 Dungeon Crawl Stone Soup version 0.22.1-1-ga44c0e5 (webtiles) character file.

1238 Fang the Chopper (level 8, -1/49 HPs)
             Began as a Gargoyle Berserker on Oct 23, 2018.
             Was an Elder of Trog.
             Slain by a river rat (4 damage)
             ... on level 6 of the Dungeon.
             The game lasted 00:05:22 (4906 turns).

Fang the Chopper (Gargoyle Berserker)               Turns: 4906, Time: 00:05:22

Health: -1/49      AC:  7    Str: 23    XL:     8   Next: 49%
Magic:  8/8        EV: 13    Int:  8    God:    Trog [****..]
Gold:   273        SH:  0    Dex:  9    Spells: 7/7 levels left

rFire    . . .     SeeInvis .   l - +2 battleaxe (elec)
rCold    . . .     Gourm    .   (shield currently unavailable)
rNeg     + . .     Faith    .   b - +0 animal skin
rPois    ∞         Spirit   .   (no helmet)
rElec    +         Reflect  .   (no cloak)
rCorr    .         Harm     .   (no gloves)
MR       .....                  (no boots)
Stlth    +.........             (no amulet)
HPRegen  0.16/turn              h - ring of flight
MPRegen  0.11/turn              (no ring)

@: very slow
A: negative energy resistance 1, electricity resistance, unbreathing,
petrification resistance, rot immunity, AC +5
a: Berserk, Trog's Hand, Brothers in Arms, Renounce Religion, Evoke Flight


You were on level 6 of the Dungeon.
You worshipped Trog.
Trog was greatly pleased with you.
You were not hungry.

You visited 2 branches of the dungeon, and saw 7 of its levels.

You collected 273 gold pieces.

Inventory:

Hand Weapons
 l - a +2 battleaxe of electrocution (weapon)
 p - a +0 battleaxe
Armour
 b - a +0 animal skin (worn)
Jewellery
 a - a cursed ring of teleportation {unknown}
 h - a ring of flight (left hand)
Wands
 x - a wand of acid (9)
Scrolls
 d - 7 scrolls of remove curse
 g - 2 scrolls of enchant weapon {unknown}
 i - 9 scrolls of identify {unknown}
 n - 3 scrolls of teleportation {unknown}
 o - a scroll of random uselessness {unknown}
 q - 4 scrolls of amnesia {unknown}
 r - a scroll of fog {unknown}
 s - a scroll of blinking {unknown}
 t - a scroll of noise {unknown}
 y - a scroll of brand weapon {unknown}
 B - a scroll of immolation {unknown}
Potions
 e - a potion of flight {unknown}
 j - a potion of invisibility {unknown}
 k - a potion of berserk rage {unknown}
 m - a potion of brilliance {unknown}
 u - a potion of haste {unknown}
 v - a potion of agility {unknown}
 w - a potion of might {unknown}
 z - a potion of magic {unknown}
 A - 2 potions of curing {unknown}
Comestibles
 c - 12 rations


   Skills:
 + Level 5.3 Fighting
 + Level 7.7 Axes
 + Level 2.3 Armour
 + Level 3.7 Dodging
 + Level 2.1 Stealth


You had 7 spell levels left.
You didn't know any spells.
Your spell library was empty.

Dungeon Overview and Level Annotations

Branches:
Dungeon (6/15)             Temple (1/1) D:4

Altars:
Dithmenos
Gozag
Nemelex Xobeh
Vehumet


Innate Abilities, Weirdness & Mutations

You are resistant to torment.
Your stone body is resilient. (AC +5)
You are immune to poison.
You resist negative energy. (rN+)
You are resistant to electric shocks. (rElec)
You can survive without breathing.
You are immune to petrification.
You are immune to rotting.


Message History

You closely miss the river rat.
The river rat twitches its whiskers.
The river rat bites you!
* * * LOW HITPOINT WARNING * * *
The river rat barely misses you.
Okay, then.
Okay, then.
You hit the river rat but do no damage. The river rat bites you.
* * * LOW HITPOINT WARNING * * *
Your unstable footing causes you to fumble your attack.
You are near starving!
The river rat barely misses you.
Your unstable footing causes you to fumble your attack.
The river rat bites you but does no damage.
The river rat barely misses you.
Unknown command.
You're too hungry.
You eat one of the 13 rations.
That ration really hit the spot!
The river rat bites you.
You die...

*,,,*,,,,,,,,* *,,,,*
*,**,*******,***,**,***
*,**** *,,,,,**,,,*
**,,.#* ******,**,*,*
***,<,.!#* **,,,,,,,,,,,*
*,,,,,...####,,*###,***,,*
*,,,,,....#..+##≈≈###≈*,,*
*,,,,,.......#≈≈≈≈≈≈+∩*,,*
*,,,,,.......#@r≈≈≈≈+≈*,**
*,,,,,.......'##≈≈###≈*,*
*,,,,,..#......####.###.#
*,***,,*#...............#
*,* *,,*####.#####..#####
*,***,*****#.****##....#
*,,,,,* *,,..,,,* ####.#
***,*** *,##.**,**** #.#
*,* *,*#.,,,,,,* #.#


You could see a river rat.

Vanquished Creatures
  The ghost of fourfacedrat the Chopper, an amateur MiWr of Qazlal (D:4)
  A wyvern (D:4)
  A sky beast (D:5)
  An ice beast (D:5)
  2 bullfrogs
  A quasit (D:4)
  4 hounds
  3 orc wizards
  Jessica (D:3)
  2 iguanas (D:5)
  2 worker ants
  A worker ant zombie (D:5)
  4 gnolls (D:3)
  6 adders
  An ooze (D:2)
  An adder skeleton (D:4)
  2 worms (D:2)
  A dart slug (D:2)
  7 leopard geckos
  8 orcs
  A ball python (D:1)
  8 bats
  8 giant cockroaches
  6 goblins
  8 hobgoblins
  6 jackals
  A quokka (D:5)
  6 frilled lizards
  7 kobolds
  14 rats
115 creatures vanquished.

Notes
Turn   | Place    | Note
-------+----------+-------------------------------------------
     0 | D:1      | Fang the Gargoyle Berserker began the quest for the Orb.
     0 | D:1      | Reached XP level 1. HP: 14/14 MP: 1/1
   116 | D:1      | Reached XP level 2. HP: 18/19 MP: 2/2
   276 | D:1      | Reached skill level 3 in Axes
   683 | D:1      | Reached XP level 3. HP: 24/24 MP: 3/3
   820 | D:2      | Reached ** piety under Trog
  1377 | D:2      | Reached XP level 4. HP: 22/29 MP: 4/4
  1816 | D:2      | Reached skill level 4 in Axes
  1964 | D:2      | Found a sparkling altar of Nemelex Xobeh.
  2003 | D:3      | Noticed Jessica
  2007 | D:3      | Killed Jessica
  2007 | D:3      | Reached XP level 5. HP: 33/33 MP: 5/5
  2099 | D:3      | Found a radiant altar of Vehumet.
  2163 | D:3      | Reached *** piety under Trog
  3003 | D:4      | Noticed fourfacedrat's ghost (amateur MiWr)
  3003 | D:4      | Noticed a wyvern
  3009 | D:4      | Found a runed gate.
  3009 | D:4      | Found a runed gate.
  3080 | D:4      | Reached XP level 6. HP: 39/39 MP: 6/6
  3173 | D:4      | Found a runed gate.
  3453 | D:4      | Reached skill level 5 in Axes
  3488 | D:4      | Found a staircase to the Ecumenical Temple.
  3693 | Temple   | Entered the Ecumenical Temple
  3830 | D:4      | Reached skill level 1 in Stealth
  3831 | D:4      | Killed a wyvern
  3831 | D:4      | Reached XP level 7. HP: 44/44 MP: 7/7
  3834 | D:4      | Killed fourfacedrat's ghost
  3834 | D:4      | Reached skill level 6 in Axes
  3912 | D:5      | Entered Level 5 of the Dungeon
  4019 | D:5      | Reached skill level 5 in Fighting
  4019 | D:5      | Reached XP level 8. HP: 49/49 MP: 8/8
  4045 | D:5      | Reached skill level 7 in Axes
  4630 | D:5      | Found the +7 great mace "Firestarter" {inner flame, rF++}
  4894 | D:6      | Reached **** piety under Trog
  4903 | D:6      | HP: 2/49 [river rat (3)]
  4906 | D:6      | Slain by a river rat

Skill      XL: |  1  2  3  4  5  6  7  8 |
---------------+-------------------------+-----
Axes           | 3 4 5 6 7 |  7.7
Fighting       | 4 5 |  5.3
Dodging        | 2 3 |  3.7
Stealth        | 1 2 |  2.1
Armour         | |  2.3

Action                   |  1- 3 |  4- 6 |  7- 9 || total
-------------------------+-------+-------+-------++-------
Melee: Hand axe          |    69 |       |       ||    69
       Battleaxe         |    31 |   146 |    82 ||   259
Invok: Berserk           |       |     2 |       ||     2
  Use: Scroll            |       |       |     2 ||     2
 Stab: Sleeping          |       |       |     1 ||     1
  Eat: Chunk             |     1 |     9 |       ||    10
       Ration            |       |     1 |     1 ||     2
Armor: Animal skin       |    83 |    63 |    27 ||   173
Dodge: Dodged            |   125 |   153 |    75 ||   353
